TOP OF THE 1ST |
Beaverton Bronze Souls batting - Pitching for El Paso Texans : RHP Derek Baker
|
Pitching: RHP Derek Baker
|
|
Batting: LHB José Guillén
|
0-0: Ball 1-0: Called Strike 1-1: Ground out 6-3 (Groundball, 56)
|
Batting: LHB Rodrigo Pérez
|
0-0: Ball 1-0: Called Strike 1-1: SINGLE (Groundball, 4MD)
|
Batting: RHB Luis Carranza
|
0-0: Ball 1-0: Ball 2-0: Fly out, F8 (Flyball, 8RM)
|
Batting: SHB León Galló
|
0-0: Called Strike 0-1: Ball Wild Pitch! Rodrigo Pérez to second 1-1: Foul Ball, location: 2F 1-2: Strikes out swinging
|
Top of the 1st over - 0 runs, 1 hit, 0 errors, 1 left on base; Beaverton 0 - El Paso 0 |
BOTTOM OF THE 1ST |
El Paso Texans batting - Pitching for Beaverton Bronze Souls : RHP Juan García
|
Pitching: RHP Juan García
|
|
Batting: LHB Mark Spencer
|
0-0: Ball 1-0: SINGLE (Groundball, 6) (infield hit)
|
Batting: RHB Cole Boehmer
|
0-0: Ball Mark Spencer is caught stealing 2nd base 1-0: SINGLE (Line Drive, 78M)
|
Batting: SHB Richie Gallegos
|
0-0: Grounds into double play, 4-6-3 (Groundball, 4)
|
Bottom of the 1st over - 0 runs, 2 hits, 0 errors, 0 left on base; Beaverton 0 - El Paso 0 |
TOP OF THE 2ND |
Beaverton Bronze Souls batting - Pitching for El Paso Texans : RHP Derek Baker
|
Batting: RHB Owen Parra
|
0-0: Fly out, F9 (Flyball, 89M)
|
Batting: RHB Salvador Castro
|
0-0: Foul Ball, location: 2F 0-1: Foul Ball, location: 2F 0-2: Strikes out swinging
|
Batting: LHB Jonathan Belisle
|
0-0: Foul Ball, location: 2F 0-1: Ball 1-1: Swinging Strike 1-2: Strikes out looking
|
Top of the 2nd over - 0 runs, 0 hits, 0 errors, 0 left on base; Beaverton 0 - El Paso 0 |
BOTTOM OF THE 2ND |
El Paso Texans batting - Pitching for Beaverton Bronze Souls : RHP Juan García
|
Batting: RHB Domingo Morales
|
0-0: Foul Ball, location: 2F 0-1: Ball 1-1: Called Strike 1-2: Ball 2-2: Foul Ball, location: 2F 2-2: Foul Ball, location: 2F 2-2: Ball 3-2: SINGLE (Line Drive, 78S)
|
Batting: SHB António Cervantes
|
0-0: Ball 1-0: 2-RUN HOME RUN (Flyball, 89XD), Distance : 405 ft
|
Batting: SHB Oliver Riley
|
0-0: Ball 1-0: Called Strike 1-1: Foul Ball, location: 2F 1-2: Ball 2-2: Foul Ball, location: 2F 2-2: Fly out, F6 (Popup, 6M)
|
Batting: LHB John Fitzgerald
|
0-0: Ball 1-0: Ball 2-0: Ball 3-0: Called Strike 3-1: Fly out, F6 (Line Drive, 6)
|
Batting: LHB Dave Tucker
|
0-0: Called Strike 0-1: Swinging Strike 0-2: Ball 1-2: Fly out, F8 (Flyball, 8RM)
|
Bottom of the 2nd over - 2 runs, 2 hits, 0 errors, 0 left on base; Beaverton 0 - El Paso 2 |
TOP OF THE 3RD |
Beaverton Bronze Souls batting - Pitching for El Paso Texans : RHP Derek Baker
|
Batting: RHB Ricardo López
|
0-0: Ball 1-0: Ball 2-0: Foul Ball, location: 2F 2-1: Ground out 6-3 (Groundball, 6)
|
Batting: SHB Teko de Bruin
|
0-0: Fly out, F6 (Line Drive, 56)
|
Batting: LHB José Guillén
|
0-0: Ball 1-0: SINGLE (Groundball, 34D)
|
Batting: LHB Rodrigo Pérez
|
0-0: Foul Ball, location: 2F 0-1: Ball 1-1: Swinging Strike 1-2: Foul Ball, location: 2F 1-2: Fielders Choice at 2nd, U4 (Groundball, 4M)
|
Top of the 3rd over - 0 runs, 1 hit, 0 errors, 1 left on base; Beaverton 0 - El Paso 2 |
BOTTOM OF THE 3RD |
El Paso Texans batting - Pitching for Beaverton Bronze Souls : RHP Juan García
|
Batting: SHB Miguel Hurtado
|
0-0: Fly out, F7 (Flyball, 78S)
|
Batting: LHB Mark Spencer
|
0-0: Foul Ball, location: 2F 0-1: Foul Ball, location: 2F 0-2: Ball 1-2: Ball 2-2: Strikes out swinging
|
Batting: RHB Cole Boehmer
|
0-0: Foul Ball, location: 2F 0-1: Ball 1-1: Ball 2-1: Fly out, F9 (Flyball, 89D)
|
Bottom of the 3rd over - 0 runs, 0 hits, 0 errors, 0 left on base; Beaverton 0 - El Paso 2 |
TOP OF THE 4TH |
Beaverton Bronze Souls batting - Pitching for El Paso Texans : RHP Derek Baker
|
Batting: RHB Luis Carranza
|
0-0: Foul Ball, location: 2F 0-1: Swinging Strike 0-2: Strikes out swinging
|
Batting: SHB León Galló
|
0-0: Ground out 5-3 (Groundball, 56)
|
Batting: RHB Owen Parra
|
0-0: Called Strike 0-1: Swinging Strike 0-2: Strikes out swinging
|
Top of the 4th over - 0 runs, 0 hits, 0 errors, 0 left on base; Beaverton 0 - El Paso 2 |
BOTTOM OF THE 4TH |
El Paso Texans batting - Pitching for Beaverton Bronze Souls : RHP Juan García
|
Batting: SHB Richie Gallegos
|
0-0: Foul Ball, location: 2F 0-1: Ball 1-1: Ball 2-1: Foul Ball, location: 2F 2-2: Strikes out swinging
|
Batting: RHB Domingo Morales
|
0-0: Called Strike 0-1: Fly out, F1 (Line Drive, 15)
|
Batting: SHB António Cervantes
|
0-0: Called Strike 0-1: Swinging Strike 0-2: Foul Ball, location: 2F 0-2: Ball 1-2: Strikes out swinging
|
Bottom of the 4th over - 0 runs, 0 hits, 0 errors, 0 left on base; Beaverton 0 - El Paso 2 |
TOP OF THE 5TH |
Beaverton Bronze Souls batting - Pitching for El Paso Texans : RHP Derek Baker
|
Batting: RHB Salvador Castro
|
0-0: Called Strike 0-1: Ball 1-1: Called Strike 1-2: Fly out, F9 (Flyball, 9LD)
|
Batting: LHB Jonathan Belisle
|
0-0: Foul Ball, location: 2F 0-1: Swinging Strike 0-2: Strikes out swinging
|
Batting: RHB Ricardo López
|
0-0: Called Strike 0-1: Foul Ball, location: 2F 0-2: Ball 1-2: Foul Ball, location: 2F 1-2: SINGLE (Groundball, 34S) (infield hit)
|
Batting: SHB Teko de Bruin
|
0-0: SINGLE (Groundball, 56S) (infield hit) Ricardo López to second
|
Batting: LHB José Guillén
|
0-0: Ball 1-0: Ball 2-0: Ball 3-0: Called Strike 3-1: Fly out, F6 (Popup, 6M)
|
Top of the 5th over - 0 runs, 2 hits, 0 errors, 2 left on base; Beaverton 0 - El Paso 2 |
BOTTOM OF THE 5TH |
El Paso Texans batting - Pitching for Beaverton Bronze Souls : RHP Juan García
|
Batting: SHB Oliver Riley
|
0-0: Ball 1-0: Ball 2-0: Called Strike 2-1: Foul Ball, location: 2F 2-2: Strikes out swinging
|
Batting: LHB John Fitzgerald
|
0-0: Foul Ball, location: 2F 0-1: Ball 1-1: Foul Ball, location: 2F 1-2: Ball 2-2: SINGLE (Groundball, 56) (infield hit)
|
Batting: LHB Dave Tucker
|
0-0: Ball 1-0: Foul Ball, location: 2F 1-1: Ball 2-1: Swinging Strike 2-2: Ball 3-2: Foul Ball, location: 2F 3-2: Base on Balls John Fitzgerald to second
|
Batting: SHB Miguel Hurtado
|
0-0: Ball John Fitzgerald steals 3rd base Dave Tucker to second 1-0: Swinging Strike 1-1: Ball 2-1: Swinging Strike 2-2: Ball 3-2: Base on Balls
|
Batting: LHB Mark Spencer
|
0-0: Called Strike 0-1: Fly out, F8 (Flyball, 78XD) Runner from 3rd tags up, SCORES, no throw Dave Tucker to third
|
Batting: RHB Cole Boehmer
|
0-0: Ball 1-0: Ball 2-0: SINGLE (Line Drive, 89S) Dave Tucker scores Miguel Hurtado to second
|
Batting: SHB Richie Gallegos
|
0-0: Ball 1-0: Ball 2-0: Swinging Strike 2-1: Ball 3-1: Base on Balls Miguel Hurtado to third Cole Boehmer to second
|
Batting: RHB Domingo Morales
|
0-0: Ball 1-0: Foul Ball, location: 2F 1-1: Called Strike 1-2: Foul Ball, location: 2F 1-2: Ball Passed Ball! Miguel Hurtado scores Cole Boehmer to third Richie Gallegos to second 2-2: Foul Ball, location: 2F 2-2: Foul Ball, location: 2F 2-2: Strikes out swinging
|
Bottom of the 5th over - 3 runs, 2 hits, 0 errors, 2 left on base; Beaverton 0 - El Paso 5 |
TOP OF THE 6TH |
Beaverton Bronze Souls batting - Pitching for El Paso Texans : RHP Derek Baker
|
Batting: LHB Rodrigo Pérez
|
0-0: Ball 1-0: Called Strike 1-1: Ground out 4-3 (Groundball, 4)
|
Batting: RHB Luis Carranza
|
0-0: Called Strike 0-1: Called Strike 0-2: Ball 1-2: SINGLE (Line Drive, 6M)
|
Batting: SHB León Galló
|
0-0: Ball 1-0: Foul Ball, location: 2F 1-1: Called Strike 1-2: Ball 2-2: Foul Ball, location: 2F 2-2: Ball 3-2: Strikes out swinging
|
Batting: RHB Owen Parra
|
0-0: Foul Ball, location: 2F 0-1: Foul Ball, location: 2F 0-2: Ball 1-2: Fly out, F8 (Flyball, 8RM)
|
Top of the 6th over - 0 runs, 1 hit, 0 errors, 1 left on base; Beaverton 0 - El Paso 5 |
BOTTOM OF THE 6TH |
El Paso Texans batting - Pitching for Beaverton Bronze Souls : RHP Juan García
|
Pitching: RHP Carlos Morales
|
|
Batting: SHB António Cervantes
|
0-0: Ground out 3-1 (Groundball, 34)
|
Batting: SHB Oliver Riley
|
0-0: Ball 1-0: Ball 2-0: Foul Ball, location: 2F 2-1: Ball 3-1: Called Strike 3-2: Ground out 5-3 (Groundball, 6)
|
Batting: LHB John Fitzgerald
|
0-0: Fly out, F8 (Flyball, 8RM)
|
Bottom of the 6th over - 0 runs, 0 hits, 0 errors, 0 left on base; Beaverton 0 - El Paso 5 |
TOP OF THE 7TH |
Beaverton Bronze Souls batting - Pitching for El Paso Texans : RHP Derek Baker
|
Batting: RHB Salvador Castro
|
0-0: Ball 1-0: Ball 2-0: Foul Ball, location: 2F 2-1: Called Strike 2-2: DOUBLE (Line Drive, 78M)
|
Batting: LHB Jonathan Belisle
|
0-0: Fly out, F9 (Flyball, 89D)
|
Batting: RHB Ricardo López
|
0-0: Fly out, F7 (Flyball, 7)
|
Batting: SHB Teko de Bruin
|
0-0: DOUBLE (Flyball, 78D) Salvador Castro scores
|
Batting: LHB José Guillén
|
0-0: Ball 1-0: Ball 2-0: Foul Ball, location: 2F 2-1: Ball 3-1: SINGLE (Groundball, 3D) Teko de Bruin to third Runner from 3rd tries for Home, SAFE, no throw
|
Batting: LHB Rodrigo Pérez
|
0-0: Ball 1-0: Ball 2-0: Ground out U3 (Groundball, 3)
|
Top of the 7th over - 2 runs, 3 hits, 0 errors, 1 left on base; Beaverton 2 - El Paso 5 |
BOTTOM OF THE 7TH |
El Paso Texans batting - Pitching for Beaverton Bronze Souls : RHP Carlos Morales
|
Batting: LHB Dave Tucker
|
0-0: SOLO HOME RUN (Flyball, 9LD), Distance : 364 ft
|
Batting: SHB Miguel Hurtado
|
0-0: Ball 1-0: Ball 2-0: Foul Ball, location: 2F 2-1: Swinging Strike 2-2: Ball 3-2: Fly out, F7 (Flyball, 7LS)
|
Pitching: RHP Octávio García
|
|
Batting: LHB Mark Spencer
|
0-0: SINGLE (Line Drive, 9S)
|
Batting: RHB Cole Boehmer
|
0-0: Ball 1-0: Foul Ball, location: 2F 1-1: SINGLE (Line Drive, 34D) Mark Spencer to second
|
Batting: SHB Richie Gallegos
|
0-0: Foul Ball, location: 2F 0-1: Ball Mark Spencer steals 3rd base Cole Boehmer to second 1-1: Intentional Walk
|
Batting: RHB Domingo Morales
|
0-0: Ball 1-0: Grounds into double play, 5-2-3 (Groundball, 56S)
|
Bottom of the 7th over - 1 run, 3 hits, 0 errors, 2 left on base; Beaverton 2 - El Paso 6 |
TOP OF THE 8TH |
Beaverton Bronze Souls batting - Pitching for El Paso Texans : RHP Derek Baker
|
Pitching: LHP Carlos Hernández
|
|
Batting: RHB Luis Carranza
|
0-0: Called Strike 0-1: Ball 1-1: Called Strike 1-2: DOUBLE (Line Drive, 9LD)
|
Batting: SHB León Galló
|
0-0: Ball 1-0: Ball 2-0: Called Strike 2-1: Called Strike 2-2: Ball 3-2: Ground out 5-3 (Groundball, 5L)
|
Batting: RHB Owen Parra
|
0-0: Called Strike 0-1: Called Strike 0-2: Ground out U3 (Groundball, 34) Luis Carranza to third
|
Batting: RHB Salvador Castro
|
0-0: Ball 1-0: Ball 2-0: Called Strike 2-1: Ball 3-1: Foul Ball, location: 2F 3-2: Fly out, F3 (Popup, 34S)
|
Top of the 8th over - 0 runs, 1 hit, 0 errors, 1 left on base; Beaverton 2 - El Paso 6 |
BOTTOM OF THE 8TH |
El Paso Texans batting - Pitching for Beaverton Bronze Souls : RHP Octávio García
|
Batting: SHB António Cervantes
|
0-0: Ball 1-0: Called Strike 1-1: Swinging Strike 1-2: Ball 2-2: Ball 3-2: Fly out, F8 (Flyball, 89M)
|
Batting: SHB Oliver Riley
|
0-0: Ball 1-0: Ball 2-0: Ball 3-0: Called Strike 3-1: Foul Ball, location: 2F 3-2: SINGLE (Groundball, 4D)
|
Batting: LHB John Fitzgerald
|
0-0: Ball 1-0: Ball 2-0: Ball 3-0: Called Strike 3-1: Foul Ball, location: 2F 3-2: Foul Ball, location: 2F 3-2: Base on Balls Oliver Riley to second
|
Batting: LHB Dave Tucker
|
0-0: Called Strike Oliver Riley steals 3rd base 0-1: Ball 1-1: SINGLE (Flyball, 7LM) Oliver Riley scores John Fitzgerald to second
|
Batting: SHB Miguel Hurtado
|
0-0: Ball 1-0: Ball 2-0: Fly out, F3 (Line Drive, 3L)
|
Batting: LHB Mark Spencer
|
0-0: Ball 1-0: 3-RUN HOME RUN (Flyball, 9D), Distance : 409 ft
|
Batting: RHB Cole Boehmer
|
0-0: Swinging Strike 0-1: Fly out, F7 (Flyball, 78M)
|
Bottom of the 8th over - 4 runs, 3 hits, 0 errors, 0 left on base; Beaverton 2 - El Paso 10 |
TOP OF THE 9TH |
Beaverton Bronze Souls batting - Pitching for El Paso Texans : LHP Carlos Hernández
|
Batting: LHB Jonathan Belisle
|
0-0: Called Strike 0-1: Swinging Strike 0-2: Strikes out swinging
|
Batting: RHB Ricardo López
|
0-0: Ground out 6-3 (Groundball, 6)
|
Batting: SHB Teko de Bruin
|
0-0: Called Strike 0-1: Called Strike 0-2: SINGLE (Groundball, 56D)
|
Batting: LHB José Guillén
|
0-0: Called Strike 0-1: Swinging Strike 0-2: Ball 1-2: Ball 2-2: Ball 3-2: Foul Ball, location: 2F 3-2: Strikes out swinging
|
Top of the 9th over - 0 runs, 1 hit, 0 errors, 1 left on base; Beaverton 2 - El Paso 10 |
|